 Dungeon Crawl Stone Soup version 0.21.1-1-g345015f (webtiles) character file.

2519 Inarius the Grappler (level 9, -4/74 HPs)
             Began as a Ghoul Monk on Feb 5, 2018.
             Was an Initiate of Makhleb.
             Slain by an orc knight
             ... wielding a cursed -1 great sword
             ... created by the fury of Okawaru
              (12 damage)
             ... on level 6 of the Dungeon.
             The game lasted 00:17:43 (5931 turns).

Inarius the Grappler (Ghoul Monk)                   Turns: 5931, Time: 00:17:44

Health: -4/74      AC: 12    Str: 23    XL:     9   Next: 54%
Magic:  8/8        EV: 10    Int:  5    God:    Makhleb [......]
Gold:   257        SH: 10    Dex: 11    Spells: 8/8 levels left

rFire    . . .     SeeInvis +     - Unarmed
rCold    + . .     Gourm    .   a - +0 shield
rNeg     + + +     Faith    .   z - +2 scale mail {MR+}
rPois    ∞         Spirit   .   (no helmet)
rElec    .         Reflect  .   (no cloak)
rCorr    .         Harm     .   v - +1 pair of gloves
MR       +....                  f - +0 pair of boots
Stlth    ..........             (no amulet)
HPRegen  0.00/turn              h - ring of see invisible
MPRegen  0.11/turn              (no ring)

@: mighty, rotting
A: rotting body, claws 1, carnivore, cold resistance 1, negative energy
resistance 3, inhibited regeneration, torment resistance, unbreathing
a: Renounce Religion


You were on level 6 of the Dungeon.
You worshipped Makhleb.
Makhleb was noncommittal.
You were not hungry.

You visited 2 branches of the dungeon, and saw 8 of its levels.

You collected 387 gold pieces.
You spent 130 gold pieces at shops.

Inventory:

Missiles
 c - 12 tomahawks (quivered)
Armour
 a - a +0 shield (worn)
 f - a +0 pair of boots (worn)
 v - a +1 pair of gloves (worn)
 y - a +0 plate armour
 z - a +2 scale mail of magic resistance (worn)
Jewellery
 h - a ring of see invisible (left hand)
Wands
 q - a wand of acid (9)
Scrolls
 i - a scroll of teleportation
 k - 2 scrolls of fear
 m - 2 scrolls of fog {unknown}
 o - a scroll of blinking {unknown}
 s - 4 scrolls of immolation {unknown}
 t - a scroll of magic mapping {unknown}
 w - 6 scrolls of enchant armour
 x - 5 scrolls of remove curse
 A - a scroll of summoning {unknown}
 B - a scroll of amnesia {unknown}
Potions
 d - 2 potions of invisibility
 e - a potion of haste {unknown}
 j - 2 potions of flight
 l - 3 potions of heal wounds
 n - a potion of berserk rage {unknown}
 p - 4 potions of curing
 r - 2 potions of resistance
 u - a potion of mutation {unknown}
Comestibles
 b - 15 rations


   Skills:
 + Level 5.0 Fighting
 + Level 5.4 Armour
 + Level 4.4 Dodging
 - Level 2.1 Stealth
 + Level 4.4 Shields
 + Level 9.6 Unarmed Combat


You had 8 spell levels left.
You didn't know any spells.

Dungeon Overview and Level Annotations

Branches:
Dungeon (7/15)             Temple (1/1) D:7

Altars:
Cheibriados
Dithmenos
Elyvilon
Fedhas
Gozag
Kikubaaqudgha
Makhleb
Nemelex Xobeh
Okawaru
Qazlal
Ru
Sif Muna
Trog
Uskayaw
Vehumet
Wu Jian
Xom
Yredelemnul
Zin
The Shining One

Shops:
D:6 !


Innate Abilities, Weirdness & Mutations

Your body is rotting away.
You thrive on raw meat.
You are immune to poison.
You have sharp fingernails.
You are carnivorous and can eat meat at any time.
Your flesh is cold resistant. (rC+)
You are immune to negative energy. (rN+++)
You do not regenerate when monsters are visible.
You are immune to unholy pain and torment.
You can survive without breathing.


Message History

The orc knight is moderately wounded.
The orc knight closely misses you.
You barely miss the orc knight.
The orc knight is moderately wounded.
You block the orc knight's attack.
Your shield prevents you from hitting the orc knight.
The orc knight is moderately wounded.
You punch the orc knight!
The orc knight is moderately wounded.
The orc knight hits you with an enchanted great sword!
You barely miss the orc knight.
The orc knight is moderately wounded.
The orc knight hits you with an enchanted great sword!
* * * LOW HITPOINT WARNING * * *
You closely miss the orc knight.
The orc knight is moderately wounded.
You completely miss the orc knight.
The orc knight is moderately wounded.
The orc knight hits you with an enchanted great sword!
You die...

# # # # # ###
########### ### #.#
..........# ####@# #.#
#########.###.##o# #.#
...............oo# #.#
########..###.#..#####
#.# .# #..##.........#
#.# .# #..##......####
#.# .# #..##......#
#.#
.#######..##......#
#.#
.#........##..#...#
#.#


You could see an orc knight, an orc warrior and an orc.

Vanquished Creatures
  Sigmund (D:2)
  A human (D:7)
  4 hogs (D:7)
  An orc warrior (D:6)
  2 ogres
  4 centaurs
  2 bullfrogs
  Blork the orc (D:5)
  A scorpion (D:4)
  The ghost of letownia3 the Conjurer, a weakling DsWz (D:5)
  2 howler monkeys
  A centaur zombie (D:6)
  A crimson imp (D:7)
  A quasit (D:7)
  3 hounds
  3 orc priests
  A gnoll shaman (D:5)
  2 iguanas
  2 worker ants
  7 adders
  12 gnolls
  A shadow imp (D:6)
  2 oozes
  2 adder zombies (D:6)
  An adder skeleton (D:4)
  3 worms
  4 dart slugs
  3 leopard geckos
  16 orcs
  A giant cockroach (D:4)
  8 goblins
  5 hobgoblins
  15 jackals
  3 quokkas
  3 ball pythons
  7 bats
  8 frilled lizards
  A jackal zombie (D:7)
  9 kobolds
  A leopard gecko skeleton (D:4)
  A quokka skeleton (D:4)
  4 rats
151 creatures vanquished.

Notes
Turn   | Place    | Note
-------+----------+-------------------------------------------
     0 | D:1      | Inarius the Ghoul Monk began the quest for the Orb.
     0 | D:1      | Reached XP level 1. HP: 19/19 MP: 0/0
   123 | D:1      | Reached XP level 2. HP: 24/26 MP: 1/1
   318 | D:1      | Reached XP level 3. HP: 29/33 MP: 2/2
   402 | D:1      | Reached skill level 4 in Unarmed Combat
   715 | D:2      | Reached XP level 4. HP: 37/40 MP: 3/3
   958 | D:2      | Noticed Sigmund
   980 | D:2      | Killed Sigmund
   980 | D:2      | Reached skill level 1 in Armour
   980 | D:2      | Reached skill level 1 in Shields
   980 | D:2      | Reached skill level 5 in Unarmed Combat
   980 | D:2      | Reached XP level 5. HP: 19/46 MP: 4/4
   980 | D:2      | Reached XP level 6. HP: 22/52 MP: 5/5
  1020 | D:2      | Found a sacrificial altar of Ru.
  1687 | D:3      | Found a stormy altar of Qazlal.
  1738 | D:3      | Reached skill level 6 in Unarmed Combat
  2005 | D:3      | Found an ornate altar of the Wu Jian Council.
  2588 | D:4      | Reached XP level 7. HP: 52/59 MP: 6/6
  3136 | D:4      | Reached skill level 7 in Unarmed Combat
  3296 | D:4      | Found an iron altar of Okawaru.
  3297 | D:4      | Found a bloodstained altar of Trog.
  3510 | D:4      | Became a worshipper of Warmaster Okawaru
  3510 | D:4      | Reached * piety under Okawaru
  3510 | D:4      | Reached ** piety under Okawaru
  3689 | D:5      | Entered Level 5 of the Dungeon
  3756 | D:5      | Reached XP level 8. HP: 64/66 MP: 7/7
  4059 | D:5      | Found an opulent altar of Gozag.
  4202 | D:5      | Noticed Blork the orc
  4213 | D:5      | Killed Blork the orc
  4314 | D:5      | Noticed letownia3's ghost (weakling DsWz)
  4328 | D:5      | Killed letownia3's ghost
  4545 | D:6      | Reached skill level 8 in Unarmed Combat
  4553 | D:6      | Reached *** piety under Okawaru
  4849 | D:6      | Found a sparkling altar of Nemelex Xobeh.
  5060 | D:6      | Found Dempocso's Distillery.
  5065 | D:6      | Bought a potion of heal wounds for 65 gold pieces
  5065 | D:6      | Bought a potion of heal wounds for 65 gold pieces
  5367 | D:7      | Found a staircase to the Ecumenical Temple.
  5385 | Temple   | Entered the Ecumenical Temple
  5443 | Temple   | Fell from the grace of Okawaru
  5443 | Temple   | Became a worshipper of Makhleb the Destroyer
  5556 | D:7      | Reached XP level 9. HP: 65/73 MP: 8/8
  5798 | D:7      | Reached skill level 5 in Armour
  5798 | D:7      | Reached skill level 9 in Unarmed Combat
  5807 | D:7      | Reached skill level 5 in Fighting
  5908 | D:7      | Noticed a deep elf knight
  5908 | D:7      | Noticed a deep elf archer
  5908 | D:7      | Noticed an orc knight
  5910 | D:7      | Noticed a deep elf mage
  5910 | D:7      | Noticed a deep elf mage
  5931 | D:6      | Slain by an orc knight

Skill      XL: |  1  2  3  4  5  6  7  8  9 |
---------------+----------------------------+-----
Dodging        | 3 4 |  4.4
Unarmed Combat | 4 5 6 7 8 9 |  9.6
Armour         | 1 2 3 4 5 |  5.4
Shields        | 1 2 3 4 |  4.4
Fighting       | 4 5 |  5.0
Stealth        | |  2.1

Action                   |  1- 3 |  4- 6 |  7- 9 || total
-------------------------+-------+-------+-------++-------
Melee: Unarmed           |   117 |   191 |   404 ||   712
Throw: Tomahawk          |       |       |    23 ||    23
Invok: Heroism           |       |       |     1 ||     1
  Use: Potion            |       |     1 |     2 ||     3
       Scroll            |       |     6 |     4 ||    10
 Stab: Sleeping          |     2 |       |       ||     2
  Eat: Chunk             |    21 |    24 |    55 ||   100
Armor: Robe              |    10 |       |       ||    10
       Ring mail         |    14 |    57 |    38 ||   109
       Chain mail        |       |       |   106 ||   106
       Scale mail        |       |       |    63 ||    63
       Plate armour      |       |       |     3 ||     3
Dodge: Dodged            |    75 |   112 |   136 ||   323
Block: Buckler           |    10 |    29 |    11 ||    50
       Shield            |       |       |   176 ||   176
